 Dungeon Crawl Stone Soup version 0.29-a0-1008-g949cc1d0fb (webtiles) character file.

Game seed: 5369841136469946761

619 Manisian the Magician (level 7, 0/38 HPs)
             Began as a Deep Elf Summoner on Aug 8, 2022.
             Slain by a gnoll
             ... wielding a +0 flail
              (11 damage)
             ... on level 4 of the Dungeon.
             The game lasted 00:17:20 (4707 turns).

Manisian the Magician (Deep Elf Summoner)           Turns: 4707, Time: 00:17:21

Health: 0/38       AC:  2    Str:  5    XL:     7   Next: 21%
Magic:  5/20       EV: 13    Int: 22    God:
Gold:   173        SH:  5    Dex: 15    Spells: 5/21 levels left

rFire   . . .      SeeInvis .   p - +1 demon trident (vamp)
rCold   . . .      Faith    .   (no shield)
rNeg    . . .      Spirit   .   a - +0 robe
rPois   .          Reflect  +   (no helmet)
rElec   .          Harm     .   (no cloak)
rCorr   .          Rampage  .   (no gloves)
Will    .....                   (no boots)
Stlth   ++........              g - amulet of reflection
HPRegen 0.12/turn               (no ring)
MPRegen 0.17/turn               (no ring)

@: very slightly contaminated
A: no striking features
a: no special abilities


You were on level 4 of the Dungeon.
You visited 1 branch of the dungeon, and saw 4 of its levels.

You collected 173 gold pieces.

Inventory:

Hand Weapons
 j - a +0 halberd
 p - a +1 vampiric demon trident (weapon)
Armour
 a - a +0 robe (worn)
 e - an orb of mayhem
Magical Staves
 o - a staff of earth
Jewellery
 g - an amulet of reflection (around neck)
 h - a ring of positive energy
Scrolls
 c - a scroll of poison
 d - a scroll of silence
Potions
 b - a potion of magic
 f - 2 potions of curing
 i - a potion of ambrosia
 k - a potion of lignification
 l - a potion of invisibility {unknown}
 m - 2 potions of haste {unknown}
 n - a potion of heal wounds {unknown}


   Skills:
 + Level 1.0 Fighting
 + Level 0.9 Polearms
 + Level 3.0 Dodging
 + Level 3.4 Stealth
 + Level 7.5 Spellcasting
 + Level 1.4 Hexes
 + Level 6.5 Summonings


You had 5 spell levels left.
You knew the following spells:

 Your Spells              Type           Power      Damage    Failure   Level
a - Summon Small Mammal   Summ           100%       N/A       1%          1
b - Call Imp              Summ           37%        N/A       1%          2
c - Call Canine Familiar  Summ           37%        N/A       1%          3
d - Summon Guardian Gole  Hex/Summ       25%        N/A       4%          3
e - Summon Lightning Spi  Summ/Air       22%        N/A       21%         4
f - Lesser Beckoning      Tloc           8%         N/A       24%         3

Your spell library contained the following spells:

 Spells                   Type           Power      Damage    Failure   Level
 Portal Projectile        Hex/Tloc       22%        N/A       17%         3
 Gell's Gravitas          Tloc           8%         N/A       24%         3
 Teleport Other           Tloc           8%         N/A       24%         3
 Leda's Liquefaction      Hex/Erth       5%         N/A       50%         4


Dungeon Overview and Level Annotations

Branches:
Dungeon (4/15)
 Temple: D:4-7

Altars:
Trog


Message History

You are very lightly contaminated with residual magic.
Nothing appears to happen.
The gnoll hits you with a +0 flail. The gnoll barely misses you.
The gnoll attacks as you move away! The gnoll hits you with a +0 flail!
* * * LOW HITPOINT WARNING * * *
The gnoll hits your hound with a +0 flail.
The gnoll hits your hound with a +0 club.
Casting: Summon Guardian Golem (dangerous; 4% risk of failure)
Confirm with . or Enter, or press ? or * to list all spells.
A guardian golem appears, shielding your allies.
Your hound bites the gnoll.
The gnoll hits your hound with a +0 flail!
The gnoll barely misses your hound.
Your hound bites the gnoll but does no damage.
Your hound bites the gnoll.
The gnoll hits your hound with a +0 flail!
Your hound dies!
Your hound's corpse disappears in a puff of smoke!
The gnoll hits your guardian golem with a +0 club.
Casting: Summon Guardian Golem (dangerous; 4% risk of failure)
Confirm with . or Enter, or press ? or * to list all spells.
The spell is quite dangerous to miscast (21% risk of failure)!
Continue anyway?
You miscast Summon Lightning Spire.
Sparks of electricity dance around you!
* * * LOW HITPOINT WARNING * * *
The gnoll hits your guardian golem with a +0 flail.
The gnoll hits your guardian golem but does no damage.
The gnoll hits your guardian golem with a +0 flail.
The gnoll completely misses your guardian golem.
You feel better.
Casting: Summon Lightning Spire (quite dangerous; 21% risk of failure)
Confirm with . or Enter, or press ? or * to list all spells.
The spell is quite dangerous to miscast (21% risk of failure)!
Continue anyway?
You miscast Summon Lightning Spire.
Desperate hands claw out at you.
A nameless horror comes into view.
The gnoll hits you with a +0 flail.
* * * LOW HITPOINT WARNING * * *
The gnoll hits your guardian golem but does no damage.
The nameless horror attacks as you move away!
You block the nameless horror's attack. The gnoll hits you with a +0 flail!
You die...

..................####..##.....#
###############......#..##.....#
#.........#...#......#...#.....#
#.........#...#......'..##.....#
#.........#...'......#..##.....#
#.........'...#......#..##.....#
############'##.X....#..##.....#
...........)..gg.....#..#########
.).......).)...9@)...............
≈~~~~~~~~≈~~...)~~~≈≈~~~~~~~≈≈~~~
≈≈≈≈≈≈≈~≈≈≈~..)))≈≈≈≈≈≈≈~≈≈≈≈≈≈≈≈
~~≈~~~~~~≈≈~...)~~~~~~~~~~~≈#####
..............).............#.g.#
############''''#############...#
.#....#. #+### ..'....'... #.~
..#....#.... #.~


You could see a nameless horror, 2 gnolls and a friendly guardian golem
(summoned).

Vanquished Creatures
  A hound (D:4)
  2 gnolls (D:4)
  3 orcs (D:4)
  A hobgoblin (D:4)
  A jackal (D:4)
  A quokka (D:4)
  A kobold (D:4)
10 creatures vanquished.

Vanquished Creatures (collateral kills)
  A scorpion (D:4)
  4 hounds (D:4)
  3 orc priests (D:4)
  A jelly (D:4)
  2 orc wizards (D:4)
  6 gnolls (D:4)
  5 adders
  2 worms
  A dart slug (D:4)
  7 orcs
  5 endoplasms
  2 giant cockroaches
  11 hobgoblins
  14 jackals
  3 quokkas
  4 ball pythons
  4 bats
  3 frilled lizards (D:3)
  14 goblins
  6 kobolds
  2 rats
100 creatures vanquished.

Vanquished Creatures (others)
  An orc (D:4)
  A plant (D:4)
2 creatures vanquished.

Grand Total: 112 creatures vanquished

Notes
Turn   | Place    | Note
-------+----------+-------------------------------------------
     0 | D:1      | Manisian the Deep Elf Summoner began the quest for the Orb.
     0 | D:1      | Reached XP level 1. HP: 10/10 MP: 6/6
   259 | D:1      | Reached XP level 2. HP: 10/15 MP: 5/8
   262 | D:1      | Learned a level 2 spell: Call Imp
   480 | D:1      | Found a faded altar of an unknown god.
  1194 | D:2      | Reached skill level 5 in Summonings
  1316 | D:2      | Reached XP level 3. HP: 20/20 MP: 6/10
  1320 | D:2      | Learned a level 3 spell: Call Canine Familiar
  1636 | D:2      | Reached skill level 4 in Spellcasting
  2182 | D:3      | Reached XP level 4. HP: 24/24 MP: 6/12
  2597 | D:3      | Found a bloodstained altar of Trog.
  2769 | D:3      | Reached skill level 5 in Spellcasting
  3020 | D:4      | Noticed a scorpion
  3025 | D:4      | Killed a scorpion
  3026 | D:4      | Reached XP level 5. HP: 28/28 MP: 10/15
  3055 | D:4      | Learned a level 3 spell: Summon Guardian Golem
  3060 | D:4      | Learned a level 4 spell: Summon Lightning Spire
  3106 | D:4      | Reached skill level 6 in Spellcasting
  3216 | D:4      | Reached skill level 1 in Hexes
  3216 | D:4      | Reached XP level 6. HP: 18/33 MP: 7/17
  3220 | D:4      | Learned a level 3 spell: Lesser Beckoning
  3968 | D:4      | Reached skill level 7 in Spellcasting
  4284 | D:4      | Reached XP level 7. HP: 35/37 MP: 4/19
  4567 | D:4      | Reached skill level 1 in Fighting
  4705 | D:4      | Noticed a nameless horror
  4707 | D:4      | Slain by a gnoll

Illustrated notes

Levels and vault maps discovered:
D:1:      lightli_arrival_boilingwater, layout_loops_ring,
          basic_ecumenical_altar
D:2:      layout_loops_ring
D:3:      layout_basic, mainiacjoe_overflow_surrounded_room
D:4:      lemuel_castle_with_subvaults [lemuel_castle_interior_carwin_1],
          layout_gridville

Skill      XL: |  1  2  3  4  5  6  7 |
---------------+----------------------+-----
Summonings     | 5 6 |  6.5
Spellcasting   | 4 5 6 7 |  7.5
Stealth        | 3 |  3.4
Hexes          | 1 |  1.4
Dodging        | 3 |  3.0
Fighting       | 1 |  1.0
Polearms       | |  0.9

Action                   |  1- 3 |  4- 6 |  7- 9 || total
-------------------------+-------+-------+-------++-------
Melee: Unarmed           |     5 |     2 |       ||     7
       Demon trident     |       |    15 |    38 ||    53
       Halberd           |       |    11 |       ||    11
 Cast: Summon Small Mamm |    54 |    27 |       ||    81
       Call Imp          |     7 |    10 |     3 ||    20
       Call Canine Famil |     3 |    11 |     3 ||    17
       Summon Guardian G |       |     8 |     3 ||    11
       Summon Lightning  |       |     5 |     1 ||     6
       Lesser Beckoning  |       |     1 |       ||     1
  Use: Scroll            |     4 |     4 |       ||     8
       Potion            |       |       |     1 ||     1
 Stab: Sleeping          |       |     1 |       ||     1
Armor: Robe              |     5 |     6 |     1 ||    12
Dodge: Dodged            |    17 |    31 |    10 ||    58
Block: Other             |       |     5 |     9 ||    14

Table legend: (Time is in decaauts)
 A = Elapsed time spent in this place.
 B = Non-inter-level travel time spent in this place.
 C = Inter-level travel time spent in this place.
 D = Time resting spent in this place.
 E = Time spent auto-exploring this place.
 F = Levels seen in this place.
 G = Mean time per level.
                   A        B        C        D        E       F      G
               +--------+--------+--------+--------+--------+-----+--------+
         Total |   4761 |   4626 |    135 |    261 |   3177 |   4 | 1190.2 |
       Dungeon |   4761 |   4626 |    135 |    261 |   3177 |   4 | 1190.2 |
               +--------+--------+--------+--------+--------+-----+--------+

Top non-repeatable levels by time:
     D:4: 1779 daAuts
     D:1: 1197 daAuts
     D:3: 940 daAuts
     D:2: 843 daAuts
